 Dungeon Crawl Stone Soup version 0.20.1-1-g8b1a95d (webtiles) character file.

50 Iscandelvey the Skirmisher (level 3, -3/33 HPs)
             Began as a Hill Orc Fighter on Dec 13, 2017.
             Killed by nerve-wracking pain
             ... invoked by a shadow imp
             ... summoned by Natasha
              (12 damage)
             ... on level 2 of the Dungeon.
             The game lasted 00:07:12 (1818 turns).

Iscandelvey the Skirmisher (Hill Orc Fighter)       Turns: 1818, Time: 00:07:13

Health: -3/33      AC:  6    Str: 18    XL:     3   Next: 79%
Magic:  3/3        EV:  7    Int:  8    God:
Gold:   65         SH:  9    Dex: 11    Spells: 2/2 levels left

rFire    . . .     SeeInvis .   a - +0 war axe
rCold    . . .     Gourm    .   c - +0 shield
rNeg     . . .     Faith    .   b - +0 scale mail
rPois    .         Spirit   .   (no helmet)
rElec    .         Reflect  .   (no cloak)
rCorr    .         Harm     .   (no gloves)
MR       .....                  (no boots)
Stlth    ..........             g - amulet of rage
Regen    0.2/turn               (no ring)
MPRegen  0.1/turn               (no ring)

@: berserk cooldown, slowed, very slow
A: no striking features
a: Evoke Berserk Rage


You were on level 2 of the Dungeon.
You were very full.

You visited 1 branch of the dungeon, and saw 2 of its levels.

You collected 65 gold pieces.

Inventory:

Hand Weapons
 a - a +0 war axe (weapon)
Armour
 b - a +0 scale mail (worn)
 c - a +0 shield (worn)
Jewellery
 e - an uncursed amulet of the gourmand
 g - an amulet of rage (around neck)
Scrolls
 i - 4 scrolls of identify {unknown}
 k - a scroll of random uselessness {unknown}
Potions
 d - a potion of might
 m - a potion of magic {unknown}
 n - a potion of degeneration {unknown}
 o - a potion of brilliance {unknown}
Comestibles
 f - 2 bread rations
 h - 4 meat rations
 j - 2 royal jellies


   Skills:
 + Level 4.2 Fighting
 * Level 3.8 Axes
 + Level 3.6 Armour
 + Level 0.1 Stealth
 - Level 3.5 Shields


You had 2 spell levels left.
You didn't know any spells.

Dungeon Overview and Level Annotations

Branches:
Dungeon (2/15)

Altars:
Dithmenos
Nemelex Xobeh
Xom

Annotations:
D:2 Natasha


Message History

Natasha casts a spell at you. The magic dart hits you!
The crimson imp hits you but does no damage.
Natasha claws you but does no damage. The crimson imp hits you.
Your shield prevents you from hitting Natasha.
You closely miss the crimson imp.
Natasha stares at you and mumbles some strange words.
The magic dart hits you!
The crimson imp hits you but does no damage.
Natasha barely misses you. The shadow imp hits you.
You block the crimson imp's attack.
The shadow imp disappears for a moment.
The shadow imp hits you but does no damage.
The crimson imp barely misses you. Natasha claws you.
* * * LOW HITPOINT WARNING * * *
You block the crimson imp's attack.
The crimson imp blinks!
The shadow imp grinds its teeth.
The shadow imp gestures at you. Pain shoots through your body!
You die...

....# ##..####### .....#
#.........# #.....# #.........#
#.....#
#.........##+########.....#
#.........................#
#.........................#######
#.............h............(....#
#............<5.@..........[....#
#...5.........ยง.....>...........#
#....................#..........#
#...............5....#.##.......#
#.#.######...........>.##.......#
#.#.# ################.......#
..#.# #.(.....# ###.# #....
#........ ..#.# #....# #.......#


You could see Natasha, a crimson imp and a shadow imp.

Vanquished Creatures
  An ooze (D:1)
  A worm (D:2)
  2 dart slugs (D:1)
  A leopard gecko (D:1)
  2 ball pythons (D:1)
  A giant cockroach (D:1)
  5 goblins (D:1)
  5 hobgoblins (D:1)
  A jackal (D:1)
  5 bats (D:1)
  6 frilled lizards (D:1)
  6 kobolds (D:1)
  A rat (D:1)
37 creatures vanquished.

Notes
Turn   | Place    | Note
-------+----------+-------------------------------------------
     0 | D:1      | Iscandelvey the Hill Orc Fighter began the quest for the Orb.
     0 | D:1      | Reached XP level 1. HP: 19/19 MP: 1/1
   120 | D:1      | Reached XP level 2. HP: 20/27 MP: 2/2
   152 | D:1      | Reached skill level 4 in Fighting
   357 | D:1      | Reached XP level 3. HP: 33/33 MP: 3/3
  1459 | D:2      | Found a sparkling altar of Nemelex Xobeh.
  1459 | D:2      | Found a shimmering altar of Xom.
  1460 | D:2      | Found a shadowy altar of Dithmenos.
  1570 | D:2      | Noticed Natasha
  1818 | D:2      | Killed from afar by a shadow imp

Skill      XL: |  1  2 |
---------------+-------+-----
Fighting       | 4 |  4.2
Axes           | 3 |  3.8
Armour         | |  3.6
Stealth        | |  0.1
Shields        | |  3.5

Action                   || total
-------------------------++-------
Melee: War axe           ||    96
 Abil: Evoke Berserk Rag ||     1
  Eat: Chunk             ||    28
Armor: Scale mail        ||    58
Dodge: Dodged            ||    47
Block: Shield            ||    70
